 Dungeon Crawl Stone Soup version 0.27.1 (webtiles) character file.

Game seed: 14301876228780136748

5764 Romesagentofchaos the Spear-Bearer (level 8, 0/73 HPs)
             Began as a Hill Orc Fighter on Aug 23, 2021.
             Was a High Priest of Ru.
             Succumbed to a killer bee's poison
             ... on level 10 of the Dungeon.
             The game lasted 00:57:31 (8083 turns).

Romesagentofchaos the Spear-Bearer (HOFi)           Turns: 8083, Time: 00:57:31

Health: 0/73       AC: 12    Str: 28    XL:     8   Next: 78%
Magic:  8/8        EV: 10    Int:  8    God:    Ru [*****.]
Gold:   300        SH: 12    Dex: 10    Spells: 1/7 levels left

rFire    . . .     SeeInvis .   l - +11 spear of Veplialu {freeze, Stlth+}
rCold    . . .     Faith    .   c - +0 kite shield
rNeg     + . .     Spirit   .   b - +0 scale mail
rPois    .         Reflect  .   (no helmet)
rElec    .         Harm     .   j - +0 cloak
rCorr    .         Rampage  .   n - +0 pair of gloves
Will     .....                  o - +0 pair of boots
Stlth    +.........             t - amulet of magic regeneration
HPRegen  0.22/turn              i - +6 ring of strength
MPRegen  0.36/turn              s - ring of positive energy

@: lethally poisoned (0 -> -5), silenced
A: inability to use devices, cowardly, inexperienced 1
a: Renounce Religion


You were on level 10 of the Dungeon.
You worshipped Ru.
Ru was extremely pleased with you.
You visited 2 branches of the dungeon, and saw 11 of its levels.
You also visited: Sewer.

You collected 381 gold pieces.
You spent 81 gold pieces at shops.

Inventory:

Hand Weapons
 a - a +7 vorpal war axe
 l - the +11 spear of Veplialu (weapon) {freeze, Stlth+}
   (You found it on level 4 of the Dungeon)

   It freezes those it strikes, dealing additional cold damage.
   It can also slow down cold-blooded creatures.
   Stlth:     It makes you more stealthy.
Missiles
 g - 5 silver boomerangs (quivered)
Armour
 b - a +0 scale mail (worn)
 c - a +0 kite shield (worn)
 j - a +0 cloak (worn)
 n - a +0 pair of gloves (worn)
 o - a +0 pair of boots (worn)
Jewellery
 i - a +6 ring of strength (left hand)
 q - the ring of a Thousand Youths {Fire rN+}
   (You found it on level 8 of the Dungeon)

   [ring of fire]

   It enhances your fire magic.
   rF:        It protects you from fire.
   rC:        It makes you vulnerable to cold.
   rN:        It protects you from negative energy.
 r - a ring of resist corrosion
 s - a ring of positive energy (right hand)
 t - an amulet of magic regeneration (around neck)
Scrolls
 d - a scroll of teleportation
 e - 3 scrolls of silence
 k - a scroll of amnesia
 m - a scroll of magic mapping
Potions
 h - 4 potions of magic


   Skills:
 + Level 7.5 Fighting
 + Level 7.5(10.0) Axes
 + Level 8.7(9.5) Polearms
 + Level 1.2 Throwing
 + Level 8.5 Armour
 + Level 3.1 Dodging
 + Level 2.4 Stealth
 + Level 8.3 Shields


You had one spell level left.
You knew the following spells:

 Your Spells              Type           Power      Damage    Failure   Level
a - Static Discharge      Conj/Air       0%         N/A       97%         2
b - Swiftness             Air            0%         N/A       99%         3
c - Corona                Hex            0%         N/A       90%         1

Your spell library contained the following spells:

 Spells                   Type           Power      Damage    Failure   Level
 Ensorcelled Hibernation  Hex/Ice        0%         N/A       97%         2
 Passwall                 Tmut/Erth      0%         N/A       97%         2
 Tukima's Dance           Hex            0%         N/A       99%         3
 Cause Fear               Hex            0%         N/A       100%        4
 Fireball                 Conj/Fire      0%         3d3       100%        5
 Iskenderun's Battlesphe  Conj           0%         2d6       100%        5
 Lightning Bolt           Conj/Air       0%         1d11      100%        5
 Silence                  Hex/Air        0%         N/A       100%        5
 Conjure Ball Lightning   Conj/Air       0%         3x3d6     100%        6
 Invisibility             Hex            0%         N/A       100%        6
 Orb of Destruction       Conj           0%         N/A       100%        7
 Ignition                 Fire           0%         3d3       100%        8
 Maxwell's Capacitive Co  Air            0%         ∞         100%        8


Dungeon Overview and Level Annotations

Branches:
Dungeon (10/15)            Temple (1/1) D:7            Lair (0/6) D:9
  Sewer (visited)
    Orc: D:9-12

Altars:
Cheibriados
Dithmenos
Elyvilon
Fedhas
Hepliaklqana
Makhleb
Nemelex Xobeh
Okawaru
Ru
Sif Muna
Trog
Vehumet
Wu Jian
Xom
Yredelemnul
Zin
The Shining One

Shops:
D:3 [


Innate Abilities, Weirdness & Mutations

You cannot study or use magical devices.
Your cowardice makes you less effective in combat with threatening monsters.
You are somewhat inexperienced. (-2 XL)


Message History

You focus your inner power and blind the killer bee in retribution!
The killer bee stings you but does no damage. x2
You feel less invigorated.
You feel less confused.
* * * LOW HITPOINT WARNING * * *
You feel very sick.
A nearby plant withers and dies.
You block the killer bee's attack. The killer bee stings you.
* * * LOW HITPOINT WARNING * * *
The killer bee closely misses you.
* * * LOW HITPOINT WARNING * * *
You feel very sick. You block the killer bee's attack.
The killer bee stings you but does no damage.
There is an escape hatch in the floor here.
* * * LOW HITPOINT WARNING * * *
You feel very sick.
The killer bee is stunned by your conviction and fails to attack.
The killer bee misses you. You block the killer bee's attack.
The killer bee barely misses you.
* * * LOW HITPOINT WARNING * * *
You feel sick. You block the killer bee's attack.
The killer bee stings you but does no damage.
The killer bee closely misses you. The killer bee barely misses you.
The killer bee completely misses you.
You slide downwards.
The hatch slams shut behind you.
Reactivating autopickup.
* * * LOW HITPOINT WARNING * * *
You feel sick.
Okay, then.
You puncture the killer bee! You freeze the killer bee.
The killer bee is heavily wounded.
* * * LOW HITPOINT WARNING * * *
You feel sick.
You redirect the killer bee's attack!
The killer bee completely misses itself.
The killer bee is stunned by your conviction and fails to attack.
You hit the killer bee. You freeze the killer bee.
The killer bee is almost dead.
You die...

#.P.#
#.P.#
#.P.#
#.P.#
#...#
#y..#
#yP.#
#@P.#
#yP.#
..P.#
##...#
#...#
##..#
#.# .#


You could see 3 killer bees.

Vanquished Creatures
  A two-headed ogre (D:7)
  The ghost of paul the Vexing, a novice OpCj of Vehumet (D:8)
  A cyclops (D:7)
  Maggie (D:8)
  4 yaks (D:8)
  A wyvern (D:5)
  A warg (D:9)
  2 water moccasins (D:7)
  An orc warrior (D:6)
  3 ice beasts
  4 sky beasts
  2 necrophages
  2 black bears (D:6)
  3 ogres
  2 centaurs
  A kobold brigand (Sewer)
  Blork the orc (D:6)
  2 bullfrogs (D:8)
  A scorpion (D:6)
  A gnoll sergeant (D:7)
  A water moccasin zombie (D:4)
  A water moccasin skeleton (D:6)
  A howler monkey (D:4)
  A centaur zombie (D:9)
  A jelly (D:6)
  4 orc priests
  3 hounds
  A gnoll shaman (D:5)
  3 bullfrog skeletons
  2 iguanas
  A centaur skeleton (D:5)
  Terence (D:3)
  8 orc wizards
  A killer bee zombie (D:8)
  A centaur simulacrum (D:8)
  A hound skeleton (D:5)
  A killer bee simulacrum (D:8)
  9 gnolls
  A river rat (Sewer)
  6 adders
  2 howler monkey simulacra (D:8)
  3 white imps
  An ufetubus (D:5)
  3 worms
  5 dart slugs
  16 orcs
  5 endoplasms
  4 giant cockroaches
  6 goblins
  6 hobgoblins
  7 jackals
  4 quokkas
  10 ball pythons
  7 bats
  5 frilled lizards
  9 kobolds
  12 rats
188 creatures vanquished.

Vanquished Creatures (others)
  A yak (D:8)
  A wyvern zombie (D:7)
  A killer bee (D:9)
  A centaur zombie (D:8)
  An orc (D:6)
  3 plants (D:9)
8 creatures vanquished.

Grand Total: 196 creatures vanquished

Notes
Turn   | Place    | Note
-------+----------+-------------------------------------------
     0 | D:1      | Romesagentofchaos the Hill Orc Fighter began the quest for
                  | the Orb.
     0 | D:1      | Reached XP level 1. HP: 19/19 MP: 1/1
    82 | D:1      | Reached XP level 2. HP: 26/27 MP: 2/2
   307 | D:1      | Reached XP level 3. HP: 30/33 MP: 3/3
  1031 | D:2      | Found a faded altar of an unknown god.
  1066 | D:2      | Became a worshipper of Ru the Awakened
  1068 | D:2      | Gained mutation: You cannot study or use magical devices.
                  | [Ru sacrifice]
  1068 | D:2      | Reached * piety under Ru
  1068 | D:2      | Reached ** piety under Ru
  1258 | D:2      | Reached XP level 4. HP: 40/40 MP: 4/4
  1837 | D:3      | Learned a level 2 spell: Static Discharge
  1861 | D:3      | Noticed Terence
  1867 | D:3      | Killed Terence
  1875 | D:3      | Reached XP level 5. HP: 6/46 MP: 5/5
  2107 | D:3      | Found a glowing drain.
  2112 | Sewer    | Entered a sewer
  2234 | Sewer    | Noticed a kobold brigand
  2259 | Sewer    | Killed a kobold brigand
  2260 | Sewer    | Reached skill level 5 in Axes
  2260 | Sewer    | Reached XP level 6. HP: 24/53 MP: 6/6
  2445 | Sewer    | Found a glowing silver altar of Zin.
  2571 | D:3      | Found Hoiry's Antique Armour Emporium.
  2598 | D:3      | Bought a cloak for 81 gold pieces
  2985 | D:4      | Learned a level 3 spell: Swiftness
  2999 | D:4      | Found an ornate altar of the Wu Jian Council.
  3297 | D:4      | Gained mutation: Your cowardice makes you less effective in
                  | combat with threatening monsters. [Ru sacrifice]
  3297 | D:4      | Reached *** piety under Ru
  3547 | D:4      | Noticed a necrophage
  3557 | D:4      | Killed a necrophage
  3558 | D:4      | Reached skill level 5 in Armour
  3558 | D:4      | Reached XP level 7. HP: 59/60 MP: 7/7
  3566 | D:4      | Reached skill level 5 in Fighting
  3607 | D:4      | Identified the +11 spear of Veplialu {freeze, Stlth+}
  3675 | D:4      | Learned a level 1 spell: Corona
  3831 | D:5      | Entered Level 5 of the Dungeon
  3875 | D:5      | Reached skill level 1 in Dodging
  3945 | D:5      | Noticed a wyvern
  3952 | D:5      | Killed a wyvern
  4066 | D:5      | Reached skill level 1 in Stealth
  4093 | D:5      | Reached XP level 8. HP: 69/69 MP: 8/8
  4114 | D:5      | Found a burning altar of Makhleb.
  4114 | D:5      | Noticed a balrug
  4117 | D:5      | Noticed a smoke demon
  4117 | D:5      | Noticed a smoke demon
  4218 | D:5      | Reached skill level 1 in Polearms
  4350 | D:5      | Noticed a moth of wrath
  4352 | D:5      | Found a bloodstained altar of Trog.
  4543 | D:5      | Reached skill level 5 in Shields
  5023 | D:6      | Reached skill level 1 in Throwing
  5031 | D:6      | Got Sif Muna's Volume of Torrid Beguiling
  5065 | D:6      | Noticed Blork the orc
  5076 | D:6      | Killed Blork the orc
  5202 | D:6      | Reached XP level 9. HP: 64/75 MP: 9/9
  5362 | D:6      | Gained mutation: You are somewhat inexperienced. (-2 XL)
                  | [Ru sacrifice]
  5362 | D:6      | Reached XP level 8. HP: 50/70 MP: 8/8
  5362 | D:6      | Reached XP level 7. HP: 50/63 MP: 7/7
  5362 | D:6      | Reached **** piety under Ru
  5362 | D:6      | Reached ***** piety under Ru
  5487 | D:6      | Reached skill level 5 in Polearms
  6150 | D:7      | Noticed a cyclops
  6151 | D:7      | Noticed a two-headed ogre
  6160 | D:7      | Killed a cyclops
  6176 | D:7      | Killed a two-headed ogre
  6177 | D:7      | Reached XP level 8. HP: 23/71 MP: 8/8
  6683 | D:7      | Found a staircase to the Ecumenical Temple.
  6692 | Temple   | Entered the Ecumenical Temple
  7406 | D:8      | Noticed Maggie
  7417 | D:8      | Killed Maggie
  7718 | D:8      | Noticed paul's ghost (novice OpCj)
  7827 | D:8      | Found a runed translucent gate.
  7827 | D:8      | Found a runed translucent gate.
  7827 | D:8      | Found a runed translucent gate.
  7848 | D:8      | Killed paul's ghost
  7884 | D:8      | Got the ring of a Thousand Youths {Fire rN+}
  8063 | D:9      | Found a staircase to the Lair.
  8080 | D:9      | HP: 3/73 [poisoned by a killer bee]
  8081 | D:10     | Entered Level 10 of the Dungeon
  8082 | D:10     | HP: 1/73 [poisoned by a killer bee]
  8083 | D:10     | Succumbed to a killer bee's poison

Illustrated notes

Levels and vault maps discovered:
D:1:      lemuel_arrival_behind_the_door_small, layout_loops_ring
D:2:      layout_basic, hellmonk_ecumenical_altar_zigzags
D:3:      layout_rooms, serial_shops,
          nicolae_shop_temple_entry_statues_fountains, portal_sewer_entry_e,
          st_stairs_5, minmay_quantized, uniq_terence
D:4:      layout_basic, mainiacjoe_overflow_concentric_impassable
D:5:      layout_loops_corners, tgw_trog, makhleb_altar_promises_db
D:6:      layout_cave_pools, uniq_blork_the_orc
D:7:      layout_basic, temple_fountains
D:8:      layout_layer_cave, gammafunk_ghost_icy, abandoned_shop,
          lemuel_flame_loot_1, uniq_maggie
D:9:      layout_loops_ring, amethyst_overflow_temple_binary,
          erik_lair_orcish_takeover, special_room [special_room_bee],
          grunt_tough_drop, uniq_erica
D:10:     layout_basic, mainiacjoe_overflow_boulevard,
          mainiacjoe_overflow_two_lobes, minmay_orc_entry_temple_small,
          item_on_display_a
Temple:   nicolae_temple_great_sept

Skill      XL: |  1  2  3  4  5  6  7  8  9 |
---------------+----------------------------+-----
Fighting       | 4 5 7 |  7.5
Axes           | 3 4 5 6 7 |  7.5
Armour         | 4 5 8 |  8.5
Shields        | 4 7 8 |  8.3
Dodging        | 1 3 |  3.1
Stealth        | 1 2 |  2.4
Polearms       | 7 8 4 |  8.7
Throwing       | 1 |  1.2

Action                   |  1- 3 |  4- 6 |  7- 9 || total
-------------------------+-------+-------+-------++-------
Melee: War axe           |   127 |   164 |     7 ||   298
       Spear             |       |       |   306 ||   306
Throw: Boomerang         |       |     8 |    10 ||    18
Invok: Sacrifice Artific |     1 |       |       ||     1
       Sacrifice Courage |       |     1 |       ||     1
       Sacrifice Experie |       |       |     1 ||     1
  Use: Scroll            |     7 |     8 |    16 ||    31
       Potion            |     1 |     4 |     6 ||    11
 Stab: Invisible         |       |     1 |     1 ||     2
       Distracted        |       |       |     2 ||     2
Armor: Scale mail        |    65 |    65 |   102 ||   232
Dodge: Dodged            |    43 |    63 |    92 ||   198
Block: Kite shield       |    77 |    86 |   166 ||   329
